 Dungeon Crawl Stone Soup version 0.23-a0-8-gb809bb70e4 (webtiles) character file.

86 Grim the Vexing (level 4, -1/21 HPs)
             Began as a Spriggan Enchanter on Aug 1, 2018.
             Slain by an adder (5 damage)
             ... on level 3 of the Dungeon.
             The game lasted 00:05:37 (2838 turns).

Grim the Vexing (Spriggan Enchanter)                Turns: 2838, Time: 00:05:37

Health: -1/21      AC:  2    Str:  5    XL:     4   Next: 27%
Magic:  1/9        EV: 18    Int: 16    God:
Gold:   59         SH:  0    Dex: 16    Spells: 2/8 levels left

rFire    . . .     SeeInvis +   a - +1 dagger
rCold    . . .     Gourm    .   (shield restricted)
rNeg     . . .     Faith    .   b - +0 robe
rPois    .         Spirit   .   (helmet restricted)
rElec    .         Reflect  .   (no cloak)
rCorr    .         Harm     .   (gloves unavailable)
MR       .....                  (boots unavailable)
Stlth    +++.......             (no amulet)
HPRegen  0.07/turn              (no ring)
MPRegen  0.11/turn              (no ring)

@: lethally poisoned (-1 -> -9), very quick
A: very small, unfitting armour, see invisible, herbivore, speed 3, slow
metabolism 2
a: no special abilities


You were on level 3 of the Dungeon.
You were not hungry.

You visited 1 branch of the dungeon, and saw 3 of its levels.

You collected 59 gold pieces.

Inventory:

Hand Weapons
 a - a +1 dagger (weapon)
Armour
 b - a +0 robe (worn)
Scrolls
 c - a scroll of fog {unknown}
 e - 2 scrolls of teleportation {unknown}
 h - 2 scrolls of blinking {unknown}
 i - 3 scrolls of identify {unknown}
 j - a scroll of magic mapping {unknown}
 l - 2 scrolls of remove curse {unknown}
 n - 2 scrolls of enchant armour {unknown}
 o - a scroll of fear {unknown}
Potions
 f - a potion of might {unknown}
 g - a potion of heal wounds {unknown}
 k - a potion of agility {unknown}
 m - a potion of berserk rage {unknown}
Comestibles
 d - 4 rations


   Skills:
 - Level 2.1 Short Blades
 - Level 3.0 Dodging
 - Level 4.4 Stealth
 - Level 2.6 Spellcasting
 * Level 5.8 Hexes


You had 2 spell levels left.
You knew the following spells:

 Your Spells              Type           Power        Failure   Level  Hunger
a - Corona                Hex            ###....      1%          1    #......
b - Confuse               Hex            ###.....     5%          3    ###....
c - Ensorcelled Hibernat  Hex/Ice        ##....       9%          2    ##.....

Your spell library contained the following spells:

 Spells                   Type           Power        Failure   Level  Hunger
 Tukima's Dance           Hex            ###.....     5%          3    ###....
 Dazzling Spray           Conj/Hex       ##....       17%         3    ###....


Dungeon Overview and Level Annotations

Branches:
Dungeon (3/15)

Altars:
Hepliaklqana
Sif Muna
Xom
The Shining One


Innate Abilities, Weirdness & Mutations

You are very small and have problems with some larger weapons.
You are too small for most types of armour.
You have supernaturally acute eyesight. (SInv)
You are a herbivore.
You cover ground extremely quickly.
You need to consume almost no food.


Message History

* * * LOW HITPOINT WARNING * * *
You feel sick. The adder misses you.
Unknown command.
You barely miss the adder.
The adder is moderately wounded.
* * * LOW HITPOINT WARNING * * *
You feel sick. The adder barely misses you.
You closely miss the adder.
The adder is moderately wounded.
The adder misses you. x2
You barely miss the adder.
The adder is moderately wounded.
* * * LOW HITPOINT WARNING * * *
You feel sick. The adder misses you.
Unknown command.
You hit the adder.
The adder is moderately wounded.
* * * LOW HITPOINT WARNING * * *
You feel sick. The adder bites you.
You die...

####...##.##.###.#
###.......# #+#
########.####
............#
.###..#..##.....
.###.)...## ....
...%.......+ ...
#.#.......## ..
##...#@## .
.......S#
###..#### #.. #+#
#.# #.# #. #.#
##.## ##...##
#.....#


You could see an adder.

Vanquished Creatures
  An orc priest (D:3)
  An adder (D:3)
  A dart slug (D:1)
  2 leopard geckos (D:1)
  An orc (D:3)
  3 bats
  2 giant cockroaches
  7 goblins
  6 hobgoblins
  3 jackals (D:1)
  2 ball pythons
  A frilled lizard (D:1)
  5 kobolds
  6 rats
41 creatures vanquished.

Notes
Turn   | Place    | Note
-------+----------+-------------------------------------------
     0 | D:1      | Grim the Spriggan Enchanter began the quest for the Orb.
     0 | D:1      | Reached XP level 1. HP: 9/9 MP: 5/5
   178 | D:1      | Reached XP level 2. HP: 13/13 MP: 6/6
   302 | D:1      | Reached skill level 4 in Hexes
  1303 | D:1      | Reached XP level 3. HP: 12/16 MP: 6/8
  1698 | D:1      | Learned a level 3 spell: Confuse
  1701 | D:1      | Learned a level 2 spell: Ensorcelled Hibernation
  1774 | D:2      | Found a glowing golden altar of the Shining One.
  2008 | D:2      | Reached skill level 5 in Hexes
  2097 | D:2      | Found a deep blue altar of Sif Muna.
  2396 | D:2      | Found a hazy altar of Hepliaklqana.
  2397 | D:2      | Found a shimmering altar of Xom.
  2397 | D:2      | Noticed an unseen horror
  2398 | D:2      | Noticed a spectral ugly thing
  2398 | D:2      | Noticed an unseen horror
  2640 | D:3      | Reached XP level 4. HP: 18/21 MP: 0/9
  2838 | D:3      | Slain by an adder

Vault maps used:
D:1:      lightli_arrival_flooded_house, minmay_misc_feat_pillars,
          minmay_tromino_i4
D:2:      regret_index_temple_of_mockery, nicolae_overflow_hidden_temple,
          marbit_many_paths, tso_metal_star
D:3:      first_ration, minmay_crystal_water, grunt_ministairs_13, uniq_sigmund

Skill      XL: |  1  2  3 |
---------------+----------+-----
Short Blades   | 2 |  2.1
Hexes          | 4 5 |  5.8
Dodging        | |  3.0
Stealth        | |  4.4
Spellcasting   | |  2.6

Action                   |  1- 3 |  4- 6 || total
-------------------------+-------+-------++-------
Melee: Dagger            |   151 |    30 ||   181
 Cast: Corona            |    28 |     1 ||    29
       Confuse           |     8 |     4 ||    12
 Stab: Sleeping          |     8 |       ||     8
       Confused          |     6 |     2 ||     8
  Eat: Ration            |       |     1 ||     1
Armor: Robe              |     8 |     1 ||     9
Dodge: Dodged            |   109 |    17 ||   126

Table legend:
 A = Spawn XP
 B = Non-spawn XP
 C = Spawn XP percentage of total XP
 D = Spawn monster count
 E = Non-spawn monster count
 F = Spawn count percentage of total count
 G = Total turns spent on level
                    A         B        C        D         E        F      G
               +---------+---------+-------+---------+---------+-------+---------
         Total |       0 |     124 |   0.0 |       0 |      41 |   0.0 |  2838
               +---------+---------+-------+---------+---------+-------+---------
           D:1 |       0 |      53 |   0.0 |       0 |      29 |   0.0 |  1728
           D:2 |       0 |      11 |   0.0 |       0 |       7 |   0.0 |   937
           D:3 |       0 |      60 |   0.0 |       0 |       5 |   0.0 |   173
               +---------+---------+-------+---------+---------+-------+---------
